 Dungeon Crawl Stone Soup version 0.31-a0-486-g8d68a81214 (webtiles) character file.

Game seed: 4596026827924200304

23695 jlumianski the Nimble (level 13, -5/90 HPs)
             Began as a Djinni Fire Elementalist on Aug 8, 2023.
             Was an Elder of Makhleb.
             Slain by a death yak (14 damage)
             ... on level 1 of the Lair of Beasts.
             The game lasted 01:41:53 (14000 turns).

jlumianski the Nimble (Djinni Fire Elementalist)   Turns: 14000, Time: 01:41:55

Health: -5/90      AC: 13    Str:  9    XL:     13   Next: 37%
Gold:   530        EV: 23    Int: 21    God:    Makhleb [****..] SH:  0 Dex: 19

rFire   + + .        v - +8 double sword of Lasel {drain, rN+ Str+2}
rCold   x . .        (no shield)
rNeg    + . .        e - +2 robe {Will+}
rPois   ∞            W - +2 helmet
rElec   .            m - +1 cloak
rCorr   .            (no gloves)
SInv    .            (boots unavailable)
Will    ++...        i - amulet of the acrobat
Stlth   ++++         d - +4 ring of protection
HPRegen 0.35/turn    D - ring of Olyro {EV+5 Dex+4}
MPRegen 0.00/turn

%: acrobat, infuse magic (-6 HP)
@: flying, studying Fire Magic
A: sickness immunity, fire resistance 2, cold vulnerability 1, float, innate
caster, HP casting, extra vitality 1
a: Renounce Religion, Minor Destruction, Lesser Servant of Makhleb, Major
Destruction


You were on level 1 of the Lair of Beasts.
You worshipped Makhleb.
Makhleb was greatly pleased with you.
You visited 3 branches of the dungeon, and saw 16 of its levels.
You also visited: Ossuary.

You collected 642 gold pieces.
You spent 112 gold pieces at shops.

Inventory:

Hand Weapons
 q - a +1 short sword of venom
 v - the +8 double sword of Lasel (weapon) {drain, rN+ Str+2}
   (You acquired it in an ossuary)

   Str:       It affects your strength (+2).
   rN:        It protects you from negative energy.
 B - a +0 dagger of speed
Missiles
 b - 6 javelins
 C - 5 curare-tipped darts
 M - 5 darts of dispersal
 N - 9 poisoned darts
 P - 6 boomerangs
 T - 3 atropa-tipped darts
Armour
 e - a +2 robe of willpower (worn)
 m - a +1 cloak (worn)
 o - a +1 robe of cold resistance
 W - a +2 helmet (worn)
 Y - a +2 robe of positive energy
Magical Staves
 y - a staff of fire
 H - a staff of cold
Jewellery
 d - a +4 ring of protection (left hand)
 i - an amulet of the acrobat (around neck)
 n - a ring of ice
 r - the ring of Lust {rPois Will+}
   (You took it off an orc on level 3 of the Dungeon)

   [ring of poison resistance]

   rPois:     It protects you from poison.
   Will:      It increases your willpower.
 s - a +6 ring of dexterity
 t - a ring of see invisible
 z - a ring of protection from fire
 D - the ring of Olyro (right hand) {EV+5 Dex+4}
   (You found it on level 6 of the Dungeon)

   [ring of evasion]

   EV:        It affects your evasion (+5).
   Dex:       It affects your dexterity (+4).
Wands
 I - a wand of paralysis (20)
 Q - a wand of roots (12)
Scrolls
 f - 8 scrolls of teleportation
 g - a scroll of blinking
 h - 4 scrolls of fog
 j - a scroll of butterflies {unknown}
 V - 2 scrolls of poison
Potions
 a - a potion of mutation
 c - a potion of lignification
 k - a potion of ambrosia {unknown}
 l - 4 potions of brilliance
 p - 4 potions of curing
 u - 3 potions of haste
 w - a potion of attraction
 x - 2 potions of cancellation
 A - a potion of resistance
 J - a potion of might
 L - 2 potions of enlightenment
 U - 2 potions of heal wounds
Miscellaneous
 R - a phial of floods
 S - a lightning rod (4/4)


   Skills:
 * Level 7.3 Fighting
 - Level 2.7(6.2) Short Blades
 * Level 8.8(9.1) Long Blades
 * Level 9.3 Dodging
 * Level 8.3 Stealth
 * Level 8.1 Spellcasting
 * Level 8.1 Conjurations
 * Level 8.1 Hexes
 * Level 8.1 Summonings
 * Level 8.1 Necromancy
 * Level 8.1 Translocations
 * Level 8.1 Transmutations
 * Level 9.2 Fire Magic
 * Level 8.1 Ice Magic
 * Level 8.1 Air Magic
 * Level 8.1 Earth Magic
 * Level 8.1 Poison Magic
 * Level 7.0 Invocations
 * Level 4.5 Evocations


You knew the following spells:

 Your Spells              Type           Power      Damage    Failure   Level
a - Foxfire               Conj/Fire      100%       2x1d9     1%          1
b - Scorch                Fire           94%        2d8       1%          2
c - Volatile Blastmotes   Fire/Tloc      90%        2d17      1%          3
d - Inner Flame           Hex/Fire       45%        N/A       1%          3
e - Flame Wave            Conj/Fire      45%        2d12      2%          4
f - Summon Small Mammal   Summ           100%       N/A       1%          1
g - Static Discharge      Conj/Air       84%        2-6/arc   1%          2
h - Mephitic Cloud        Conj/Pois/Air  42%        N/A       1%          3
i - Hailstorm             Conj/Ice       42%        3d10      1%          3
j - Arcjolt               Conj/Air       21%        1d31      8%          5
k - Agony                 Necr           42%        N/A       8%          5
Your spell library was empty.

Dungeon Overview and Level Annotations

Branches:
Dungeon (11/15)            Temple (1/1) D:5            Lair (4/5) D:10
  Swamp (0/4) Lair:3          Orc (0/2) D:11        Ossuary (visited)
  Snake: Lair:2-3    Spider: Lair:2-3     Slime: Lair:4-5

Altars:
Ashenzari
Cheibriados
Dithmenos
Elyvilon
Fedhas
Gozag
Hepliaklqana
Makhleb
Nemelex Xobeh
Okawaru
Qazlal
Ru
Trog
Uskayaw
Wu Jian
Xom
Yredelemnul
Zin
The Shining One
Jiyva

Shops:
D:2 ?   D:3 *   D:7 *

Annotations:
D:11 3 runed translucent doors, RepHenryClay's ghost, journeyman DrBe
Lair:2 Maggie


Innate Abilities, Weirdness & Mutations

You are immune to sickness and miasma.
You are immune to poison.
Your flesh is very heat resistant. (rF++)
You are vulnerable to cold. (rC-)
You float through the air rather than walking.
You learn spells naturally, not from books.
Your magical power is your life essence.
You have superior vitality. (+4 MHP)


Message History

You kill the death yak!
Makhleb accepts your kill.
You can now hurl Makhleb's greater destruction.
You feel better.
Casting: Foxfire (safe; 1% risk of failure)
Confirm with . or Enter, or press ? or * to list all spells.
A cloud of volatile blastmotes flares up around you!
The death yak bellows!
The death yak attacks as you move away! The death yak gores you.
The cloud of blastmotes explodes!
The concussive blast engulfs the death yak!!
The death yak is heavily wounded.
The concussive blast engulfs you. You resist.
You are knocked back by the blast.
Casting: Volatile Blastmotes (safe; 1% risk of failure)
Confirm with . or Enter, or press ? or * to list all spells.
Flames lash the death yak.
The death yak is heavily wounded.
The death yak's fire resistance burns away.
* * * LOW HITPOINT WARNING * * *
Casting: Scorch (safe; 1% risk of failure)
Confirm with . or Enter, or press ? or * to list all spells.
You conjure some foxfire!
* * * LOW HITPOINT WARNING * * *
The death yak gores you but does no damage.
You slice the death yak!!
The death yak is severely wounded.
The foxfire hits the death yak.
The death yak is severely wounded.
The foxfire hits the death yak!
The death yak is burned terribly!
The death yak is almost dead.
The death yak gores you!
* * * LOW HITPOINT WARNING * * *
Casting: Foxfire (safe; 1% risk of failure)
Confirm with . or Enter, or press ? or * to list all spells.
Flames lash the death yak.
The death yak is burned terribly!
The death yak is almost dead.
* * * LOW HITPOINT WARNING * * *
The death yak gores you!
You die...

#........#Y.# #P...#####.#.## #
##...#....#.## ##..## ###.# #
#....#......# #...## #.# #
##...#.....Y# ##...# #.# ##
#...#......# #..## #.####.
#........#.# ##..## ##......
##...#....#.# ##....# #.......
#....P.#.#..###.P..P#######......
##...........†.Y@................
#...............................
#...............................
#######################.###.####
### ###


You could see a death yak (combustible).

Vanquished Creatures
  Fannar (Lair:2)
  A two-headed ogre (D:11)
  The ghost of CraigForest the Spear-Bearer, a journeyman FoFi of Hepliaklqana (D:10)
  5 death yaks (Lair:1)
  Sonja (Lair:2)
  A skeletal warrior (D:10)
  A lindwurm (Lair:1)
  A cyclops (D:10)
  An oklob plant (D:9)
  4 elephants
  2 torpor snails (Lair:1)
  A gargoyle (D:11)
  Psyche (D:10)
  A rime drake (Lair:1)
  An unseen horror (D:11)
  3 cane toads (Lair:1)
  6 komodo dragons
  3 hornets
  A polar bear (Lair:1)
  2 slime creatures (D:10)
  2 shadows
  A wraith (D:9)
  4 wyverns
  2 basilisks
  15 yaks (Lair:1)
  A warg (D:10)
  6 water moccasins
  A naga (Lair:2)
  2 acid dragons
  Duvessa (D:5)
  A sky beast (D:7)
  An orc warrior (D:11)
  2 ogres
  6 black bears
  An ice beast (D:6)
  15 wolves
  3 centaurs
  A phantom (D:3)
  8 bullfrogs
  2 scorpions
  2 water moccasin zombies (Ossuary)
  4 wights
  Dowan (D:5)
  An oklob sapling (D:9)
  6 killer bees (D:10)
  A howler monkey (D:4)
  2 centaur zombies (Ossuary)
  7 hounds
  A quasit (D:7)
  A gnoll bouda (D:8)
  9 orc priests
  3 jellies (D:10)
  Jessica (D:2)
  A scorpion zombie (Ossuary)
  3 iguanas
  9 orc wizards
  An ogre zombie (Ossuary)
  10 gnolls
  12 adders
  3 shadow imps
  A white imp (D:7)
  7 ufetubi
  3 adder zombies (Ossuary)
  A worm (D:5)
  2 dart slugs (D:3)
  39 orcs
  8 endoplasms
  A giant cockroach (D:1)
  2 goblins (D:2)
  7 hobgoblins
  9 jackals
  10 kobolds
  A quokka (D:1)
  12 ball pythons
  2 bats
  4 frilled lizards
  2 gnoll zombies (Ossuary)
  2 goblin zombies (Ossuary)
  4 hobgoblin zombies (Ossuary)
  3 orc zombies (Ossuary)
  2 rats (D:2)
  A foxfire (D:10)
314 creatures vanquished.

Vanquished Creatures (collateral kills)
  An ice beast (D:3)
  An orc wizard (D:6)
2 creatures vanquished.

Vanquished Creatures (others)
  A human (D:4)
  An orc wizard (D:11)
  528 foxfires
530 creatures vanquished.

Grand Total: 846 creatures vanquished

Notes
Turn   | Place    | Note
-------+----------+-------------------------------------------
     0 | D:1      | jlumianski the Djinni Fire Elementalist began the quest for
                  | the Orb.
     0 | D:1      | jlumianski set off with the following spells memorised:
                  | Foxfire, Scorch, Volatile Blastmotes, Inner Flame, Flame
                  | Wave.
     0 | D:1      | Reached XP level 1. HP: 15/15 MP: 0/0
    99 | D:1      | Reached XP level 2. HP: 20/21 MP: 0/0
   272 | D:2      | Reached XP level 3. HP: 22/25 MP: 0/0
   272 | D:2      | Learned a level 1 spell: Summon Small Mammal
   283 | D:3      | Noticed an ice beast
   291 | D:3      | Killed an ice beast
   292 | D:3      | Reached XP level 4. HP: 23/31 MP: 0/0
   292 | D:3      | Reached XP level 5. HP: 26/35 MP: 0/0
   292 | D:3      | Learned a level 2 spell: Static Discharge
   516 | D:2      | Noticed Jessica
   531 | D:2      | Killed Jessica
   798 | D:2      | Found Fukeshem's Magic Scroll Shop.
   801 | D:2      | Bought a scroll of identify for 28 gold pieces
   802 | D:2      | Bought a scroll of teleportation for 42 gold pieces
   802 | D:2      | Bought a scroll of teleportation for 42 gold pieces
   972 | D:3      | Reached XP level 6. HP: 30/40 MP: 0/0
  1114 | D:3      | Identified the ring of Lust {rPois Will+}
  1156 | D:4      | Noticed an ogre
  1441 | D:3      | Found an opulent altar of Gozag.
  1443 | D:3      | Found Gozag's Platinum Reserve.
  1494 | D:3      | Found a glowing silver altar of Zin.
  1650 | D:4      | Killed an ogre
  1887 | D:5      | Entered Level 5 of the Dungeon
  1904 | D:5      | Noticed Duvessa
  1952 | D:4      | Reached skill level 1 in Short Blades
  1952 | D:4      | Reached XP level 7. HP: 38/46 MP: 0/0
  1952 | D:4      | Learned a level 3 spell: Mephitic Cloud
  2256 | D:4      | Found a shadowy altar of Dithmenos.
  2559 | D:4      | Noticed a human
  2561 | D:4      | Killed a human
  2572 | D:4      | Reached skill level 1 in Fighting
  2572 | D:4      | Reached XP level 8. HP: 45/52 MP: 0/0
  2796 | D:5      | Noticed Dowan
  3019 | D:5      | Reached skill level 5 in Spellcasting
  3019 | D:5      | Reached skill level 5 in Conjurations
  3019 | D:5      | Reached skill level 5 in Hexes
  3019 | D:5      | Reached skill level 5 in Summonings
  3019 | D:5      | Reached skill level 5 in Necromancy
  3019 | D:5      | Reached skill level 5 in Translocations
  3019 | D:5      | Reached skill level 5 in Transmutations
  3019 | D:5      | Reached skill level 5 in Fire Magic
  3019 | D:5      | Reached skill level 5 in Ice Magic
  3019 | D:5      | Reached skill level 5 in Air Magic
  3019 | D:5      | Reached skill level 5 in Earth Magic
  3019 | D:5      | Reached skill level 5 in Poison Magic
  3691 | D:6      | Reached skill level 5 in Dodging
  3745 | D:7      | Found Debomy's Gadget Gallery.
  3772 | D:7      | Reached skill level 5 in Stealth
  3775 | D:7      | Reached XP level 9. HP: 38/58 MP: 0/0
  3775 | D:7      | Learned a level 3 spell: Hailstorm
  3911 | D:6      | Identified the ring of Olyro {EV+5 Dex+4}
  3942 | D:5      | Killed Duvessa
  3942 | D:5      | Killed Dowan
  4019 | D:5      | Found a staircase to the Ecumenical Temple.
  4025 | Temple   | Entered the Ecumenical Temple
  4033 | Temple   | Became a worshipper of Makhleb the Destroyer
  4140 | D:5      | Found a sacrificial altar of Ru.
  5384 | D:8      | Identified a scroll of acquirement
  5384 | D:8      | Acquired a manual of Fire Magic
  5423 | D:8      | Reached skill level 1 in Invocations
  5469 | D:8      | Found a sand-covered staircase.
  5475 | Ossuary  | Entered an ossuary
  5727 | Ossuary  | Reached * piety under Makhleb
  5965 | Ossuary  | Noticed a silent spectre
  6024 | Ossuary  | Acquired the +8 double sword of Lasel {drain, rN+ Str+2}
  6091 | D:10     | Entered Level 10 of the Dungeon
  6215 | D:7      | Found a white marble altar of Elyvilon.
  6299 | D:7      | Reached skill level 1 in Long Blades
  6362 | D:8      | Found a broken altar of Ashenzari.
  6518 | D:7      | Found a hazy altar of Hepliaklqana.
  6720 | D:8      | Reached XP level 10. HP: 38/67 MP: 0/0
  7024 | D:8      | Noticed Psyche
  7024 | D:8      | Found a stormy altar of Qazlal.
  8658 | D:9      | Noticed an oklob plant
  8667 | D:9      | Killed an oklob plant
  9077 | D:10     | Reached ** piety under Makhleb
  9128 | D:10     | Found a shimmering altar of Xom.
  9369 | D:10     | Noticed an elephant
  9393 | D:9      | Killed an elephant
  9394 | D:9      | Reached XP level 11. HP: 46/74 MP: 0/0
  9394 | D:9      | Learned a level 5 spell: Arcjolt
  9518 | D:11     | Found a runed translucent gate.
  9518 | D:11     | Found a runed translucent gate.
  9518 | D:11     | Found a runed translucent gate.
  9520 | D:11     | Noticed RepHenryClay's ghost (journeyman DrBe)
  9548 | D:10     | HP: 2/74 [something (6)]
  9782 | D:10     | Killed Psyche
  9783 | D:10     | Reached skill level 5 in Fighting
  9899 | D:11     | Noticed a two-headed ogre
  9910 | D:11     | Killed a two-headed ogre
  9911 | D:11     | Reached skill level 5 in Long Blades
  9935 | D:10     | Found an iron altar of Okawaru.
 10033 | D:10     | Found a staircase to the Lair.
 10128 | D:10     | Found a runed translucent gate.
 10128 | D:10     | Found a runed translucent gate.
 10128 | D:10     | Found a runed translucent gate.
 10128 | D:10     | Noticed CraigForest's ghost (journeyman FoFi)
 10251 | D:10     | Found a viscous altar of Jiyva.
 10267 | D:10     | Killed CraigForest's ghost
 10268 | D:10     | Reached skill level 5 in Invocations
 10448 | D:11     | Noticed a cyclops
 10461 | D:10     | Killed a cyclops
 10532 | D:11     | Found a staircase to the Orcish Mines.
 10560 | D:11     | Reached *** piety under Makhleb
 10683 | D:11     | Reached skill level 1 in Evocations
 10861 | D:11     | Noticed a skeletal warrior
 10896 | D:11     | Noticed a skeletal warrior
 10911 | D:11     | Noticed a skeletal warrior
 10917 | D:11     | Noticed a skeletal warrior
 11166 | D:10     | Killed a skeletal warrior
 11316 | Lair:1   | Entered Level 1 of the Lair of Beasts
 11332 | Lair:1   | Reached XP level 12. HP: 71/82 MP: 0/0
 12072 | Lair:2   | Noticed Fannar
 12848 | Lair:1   | Reached **** piety under Makhleb
 13077 | Lair:2   | Killed Fannar
 13082 | Lair:2   | Noticed Sonja
 13096 | Lair:1   | Reached XP level 13. HP: 47/89 MP: 0/0
 13096 | Lair:1   | Learned a level 5 spell: Agony
 13225 | Lair:2   | Killed Sonja
 13436 | Lair:2   | Noticed Maggie
 13727 | Lair:2   | You are sucked into a shaft and drop 1 floor!
 13728 | Lair:3   | Found a staircase to the Swamp.
 14000 | Lair:1   | Slain by a death yak

Illustrated notes

Levels and vault maps discovered:
D:1:      saegor_arrival_under_anarchy, layout_loops_ring
D:2:      layout_rooms, serial_shops, nicolae_shop_rolled_up,
          serial_park_tiny_2, uniq_jessica
D:3:      layout_loops_cross, nicolae_overflow_crystal_walls,
          nicolae_gozag_zags_fifth_avenue, minmay_fractal_squares_5
D:4:      layout_loops_ring, tgw_kikubaaqudgha, kennysheep_little_box
D:5:      layout_basic, mainiacjoe_overflow_tiny_flanked,
          mainiacjoe_overflow_alcove_2, temple_green, uniq_duvessa
D:6:      layout_layer_cave, ebering_dispersal_statue_hall,
          kennysheep_decorative_pillar
D:7:      layout_basic, lemuel_doored_altar, nicolae_elyvilon_peaceful_grove,
          serial_demonic, serial_demonic_e, serial_demonic_c, serial_demonic_d,
          serial_demonic_e, nicolae_shop_gadgets
D:8:      layout_basic, ashenzari_conservatory_becter, grunt_qazlal_sundering,
          nicolae_ossuary_entry_plus, uniq_psyche
D:9:      layout_irregular_city, mainiacjoe_overflow_six_doors_small,
          minmay_misc_feat_iff, kennysheep_path_1, introduction_to_nature_1
D:10:     layout_rooms, mainiacjoe_overflow_cross_hatched,
          mainiacjoe_overflow_brackets, david_lair_generic,
          gammafunk_ghost_ooze, corexii_leaking_fountain, minmay_crystal_room
D:11:     layout_loops_corners, erik_orc_4, biasface_ghost_orc_armoury
Temple:   hellmonk_temple_forest_ring
Lair:1:   layout_chaotic_city
Lair:2:   layout_cave_pods, minmay_snake_entry_guardpost_small,
          grunt_megastairs_3, uniq_fannar, uniq_maggie, uniq_sonja
Lair:3:   layout_hall_layers, minmay_swamp_entry_reptiles
Lair:4:   layout_small_grid, hangedman_tree_tricks, serial_bayou_shore_a,
          infiniplex_staircase_pool_2, lemuel_fruit_fields, uniq_josephine,
          uniq_kirke, uniq_urug

Skill      XL: |  1  2  3  4  5  6  7  8  9 10 11 12 13 |
---------------+----------------------------------------+-----
Spellcasting   | 4 6 7 8 |  8.1
Conjurations   | 4 6 7 8 |  8.1
Hexes          | 4 6 7 8 |  8.1
Summonings     | 4 6 7 8 |  8.1
Necromancy     | 4 6 7 8 |  8.1
Translocations | 4 6 7 8 |  8.1
Transmutations | 4 6 7 8 |  8.1
Fire Magic     | 4 6 7 8 9 |  9.2
Ice Magic      | 4 6 7 8 |  8.1
Air Magic      | 4 6 7 8 |  8.1
Earth Magic    | 4 6 7 8 |  8.1
Poison Magic   | 4 6 7 8 |  8.1
Stealth        | 2 3 4 5 6 7 8 |  8.3
Dodging        | 3 4 5 6 7 8 9 |  9.3
Short Blades   | 1 2 |  2.7
Fighting       | 1 2 3 4 5 6 7 |  7.3
Invocations    | 2 4 5 6 7 |  7.0
Long Blades    | 1 4 6 7 8 |  8.8
Evocations     | 1 3 4 |  4.5

Action                     |  1- 3 |  4- 6 |  7- 9 | 10-12 | 13-15 || total
---------------------------+-------+-------+-------+-------+-------++-------
  Melee: Unarmed           |     5 |       |       |       |       ||     5
         Dagger            |     3 |    40 |   137 |       |       ||   180
         Punch             |       |     1 |     3 |     5 |     1 ||    10
         Staff             |       |       |     3 |       |       ||     3
         Double sword      |       |       |    12 |   194 |    48 ||   254
         Short sword       |       |       |    11 |       |       ||    11
   Cast: Foxfire           |    24 |    47 |   132 |    82 |     7 ||   292
         Scorch            |     1 |     7 |    34 |    55 |     7 ||   104
         Summon Small Mamm |     1 |     3 |     9 |     9 |       ||    22
         Volatile Blastmot |       |     3 |       |    17 |     4 ||    24
         Inner Flame       |       |     1 |     6 |     8 |       ||    15
         Mephitic Cloud    |       |       |     8 |    11 |     3 ||    22
         Static Discharge  |       |       |     8 |     5 |       ||    13
         Hailstorm         |       |       |     1 |     5 |       ||     6
         Flame Wave        |       |       |       |    11 |     2 ||    13
         Arcjolt           |       |       |       |     6 |     2 ||     8
         Agony             |       |       |       |       |     3 ||     3
 Invoke: Lesser Servant of |       |       |       |     1 |       ||     1
  Evoke: Wand              |       |       |       |     1 |       ||     1
         Phial of floods   |       |       |       |     1 |       ||     1
    Use: Scroll            |       |     1 |    12 |     9 |     1 ||    23
         Potion            |       |     1 |     2 |     3 |       ||     6
   Stab: Sleeping          |       |    10 |    11 |     5 |       ||    26
         Confused          |       |       |     3 |     4 |       ||     7
         Distracted        |       |       |       |     1 |       ||     1
 Armour: Robe              |    10 |    15 |    50 |    60 |    17 ||   152
         Skin              |       |       |       |     4 |       ||     4
  Dodge: Dodged            |    10 |    33 |   195 |   396 |    79 ||   713

Table legend: (Time is in decaauts)
 A = Elapsed time spent in this place.
 B = Non-inter-level travel time spent in this place.
 C = Inter-level travel time spent in this place.
 D = Time resting spent in this place.
 E = Time spent auto-exploring this place.
 F = Levels seen in this place.
 G = Mean time per level.
                   A        B        C        D        E       F      G
               +--------+--------+--------+--------+--------+-----+--------+
         Total |  14049 |  13775 |    274 |   3069 |   6107 |  17 |  826.4 |
       Dungeon |  10817 |  10558 |    259 |   2179 |   5055 |  11 |  983.4 |
        Temple |     16 |     16 |      0 |      0 |      0 |   1 |   16.0 |
          Lair |   2667 |   2652 |     15 |    696 |   1018 |   4 |  666.8 |
       Ossuary |    548 |    548 |      0 |    194 |     34 |   1 |  548.0 |
               +--------+--------+--------+--------+--------+-----+--------+

Top non-repeatable levels by time:
     D:9: 2445 daAuts
  Lair:1: 2088 daAuts
     D:6: 1316 daAuts
    D:10: 1192 daAuts
     D:4: 1133 daAuts
     D:3: 990 daAuts
     D:8: 885 daAuts
     D:5: 798 daAuts
     D:7: 659 daAuts
 Ossuary: 548 daAuts
     D:2: 528 daAuts
    D:11: 496 daAuts
  Lair:2: 492 daAuts
     D:1: 371 daAuts
  Lair:3: 81 daAuts
